 Dungeon Crawl Stone Soup version 0.29-a0-375-g5102b3be25 (webtiles) character file.

Game seed: 935181287622100189

6 HendSelp the Slasher (level 1, -3/14 HPs)
             Began as a Tengu Monk on May 3, 2022.
             Slain by a kobold
             ... wielding a +0 dagger
              (4 damage)
             ... on level 1 of the Dungeon.
             The game lasted 00:00:21 (494 turns).

HendSelp the Slasher (Tengu Monk)                    Turns: 494, Time: 00:00:21

Health: -3/14      AC:  2    Str: 11    XL:     1   Next: 90%
Magic:  2/2        EV: 10    Int: 10    God:
Gold:   15         SH:  0    Dex: 16    Spells: 0/0 levels left

rFire   . . .      SeeInvis .   a - +0 falchion
rCold   . . .      Faith    .   (no shield)
rNeg    . . .      Spirit   .   b - +0 robe
rPois   .          Reflect  .   (helmet restricted)
rElec   .          Harm     .   (no cloak)
rCorr   .          Rampage  .   (no gloves)
Will    .....                   (boots unavailable)
Stlth   +.........              (no amulet)
HPRegen 0.04/turn               (no ring)
MPRegen 0.08/turn               (no ring)

@: constricted, very slow
A: beak, talons 3
a: no special abilities


You were on level 1 of the Dungeon.
You visited 1 branch of the dungeon, and saw 1 of its levels.

You collected 15 gold pieces.

Inventory:

Hand Weapons
 a - a +0 falchion (weapon)
Armour
 b - a +0 robe (worn)
Scrolls
 d - a scroll of enchant weapon {unknown}
Potions
 c - a potion of ambrosia


   Skills:
 + Level 3.2 Fighting
 + Level 3.5 Long Blades
 - Level 3.2 Dodging
 - Level 2.0 Stealth


You couldn't memorise any spells.
You didn't know any spells.
Your spell library was empty.

Dungeon Overview and Level Annotations

Branches:
Dungeon (1/15)

Altars:


Innate Abilities, Weirdness & Mutations

You have a beak for a mouth.
You have claws for feet.


Message History

You barely miss the kobold. Your kick misses the kobold.
Your peck misses the kobold. The kobold hits you with a +0 dagger.
There are monsters nearby!
Your unstable footing causes you to fumble your attack.
The ball python closely misses you. x2; The kobold barely misses you.
Your unstable footing causes you to fumble your attack.
The ball python misses you. The ball python grabs you.
The ball python constricts you. The kobold closely misses you.
There are monsters nearby!
You hit the ball python. You peck the ball python.
The ball python is severely wounded.
The ball python closely misses you. The ball python constricts you.
The kobold barely misses you. The ball python barely misses you.
The ball python constricts you.
There are monsters nearby!
Your unstable footing causes you to fumble your attack.
The kobold hits you with a +0 dagger. The ball python barely misses you.
The ball python constricts you.
There are monsters nearby!
You are too injured to fight recklessly!
There are monsters nearby!
There are monsters nearby!
Unknown command.
You are too injured to fight recklessly!
There are monsters nearby!
You are too injured to fight recklessly!
You are too injured to fight recklessly!
Your unstable footing causes you to fumble your attack.
The kobold misses you. The ball python barely misses you.
The ball python constricts you.
Your unstable footing causes you to fumble your attack.
The ball python closely misses you. The ball python constricts you.
The kobold hits you with a +0 dagger.
* * * LOW HITPOINT WARNING * * *
The ball python bites you.
* * * LOW HITPOINT WARNING * * *
The ball python constricts you.
Your unstable footing causes you to fumble your attack.
The kobold hits you with a +0 dagger.
You die...

#.. .# #.# ####.# #.#
.... #...... #.# .....
....... #.# .....
....... #.# ...#
##....... #.#
...###KS...... #.#.#
#..#≈@).≈≈... #.#.#
##.#.####≈### #.#..
##≈...#≈8# #.###
#..≈##≈.≈# #.#..
#.##≈.≈≈## #.#)#
#.≈≈.≈≈≈#..########.#..
#.'≈..≈≈#...........###
#.'≈≈≈._#..............
#≈'.≈.≈≈#≈≈............


You could see a ball python and a kobold.

Vanquished Creatures
  A goblin (D:1)
  3 kobolds (D:1)
  A rat (D:1)
  A spectral hobgoblin (D:1)
6 creatures vanquished.

Notes
Turn   | Place    | Note
-------+----------+-------------------------------------------
     0 | D:1      | HendSelp the Tengu Monk began the quest for the Orb.
     0 | D:1      | Reached XP level 1. HP: 14/14 MP: 2/2
   415 | D:1      | Found a faded altar of an unknown god.
   494 | D:1      | Slain by a kobold

Illustrated notes

Levels and vault maps discovered:
D:1:      matt_arrival_spirals, layout_basic,
          dreamdust_ecumenical_altar_drowned_temple

Action                   || total
-------------------------++-------
Melee: Falchion          ||    18
       Peck              ||     2
       Kick              ||     1
Armor: Robe              ||     1
Dodge: Dodged            ||    16

Table legend: (Time is in decaauts)
 A = Elapsed time spent in this place.
 B = Non-inter-level travel time spent in this place.
 C = Inter-level travel time spent in this place.
 D = Time resting spent in this place.
 E = Time spent auto-exploring this place.
 F = Levels seen in this place.
 G = Mean time per level.
                   A        B        C        D        E       F      G
               +--------+--------+--------+--------+--------+-----+--------+
         Total |    498 |    479 |     19 |      0 |    421 |   1 |  498.0 |
       Dungeon |    498 |    479 |     19 |      0 |    421 |   1 |  498.0 |
               +--------+--------+--------+--------+--------+-----+--------+

Top non-repeatable levels by time:
     D:1: 498 daAuts
